Map: Site Delta LE

Players

BoomBoomPow

  • Race: Zerg Zerg
  • League: Diamond
  • Spawn Location: 5:00

SubN - Winner!

  • Race: Zerg Zerg
  • League: Diamond
  • Spawn Location: 11:00

VOD

Have the link to the VOD?

Description

Time

  • Played on: Jan. 18, 2024, 7:08 p.m.
  • Length: 9:57
Show
View Real Time Build Order
Export as new Build Order

BoomBoomPow Zerg 

Build Orders: Hatch First 

Get SALT Encoding   

  12  0:03  Drone  
  13  0:12  Overlord  
  13  0:19  Drone  
  14  0:31  Drone x2  
  14  0:35  Drone  
  17  0:55  Drone  
  17  0:56  Hatchery  
  17  0:59  Drone  
  18  1:10  Extractor  
  17  1:14  Spawning Pool  
  16  1:20  Drone x2  
  18  1:29  Drone  
  19  1:42  Overlord  
  19  2:01  Drone x2  
  20  2:07  Queen  
  20  2:08  Queen  
  23  2:09  Zergling x2  
  23  2:12  Metabolic Boost  
  23  2:14  Drone  
  27  2:21  Roach Warren  
  26  2:24  Drone  
  26  2:26  Drone  
  28  2:31  Zergling x2  
  28  2:35  Zergling x2  
  30  2:41  Zergling x2  
  31  2:46  Spine Crawler  
  30  3:03  Drone x4  
  34  3:22  Drone, Lair  
  34  3:23  Drone  
  34  3:24  Overlord x2  
  34  3:25  Overlord  
  36  3:37  Extractor  
  36  3:38  Drone  
  36  3:39  Drone, Extractor  
  36  3:48  Evolution Chamber  
  35  3:49  Drone, Evolution Chamber  
  35  3:50  Drone x4  
  39  4:08  Overlord  
  39  4:09  Roach x4  
  47  4:10  Roach  
  49  4:24  Roach x3  
  49  4:25  Roach x2  
  55  4:40  Drone x3  
  55  4:41  Drone x2  
  55  4:42  Drone  
  61  4:46  Evolution Chamber  
  61  4:50  Drone x2  
  62  4:57  Glial Reconstitution  
  61  5:08  Drone  
  61  5:09  Drone x3  
  65  5:17  Roach  
  65  5:19  Overlord x4  
  67  5:24  Extractor, Queen  
  68  5:29  Zerg Missile Weapons Level 1  
  68  5:40  Zerg Ground Armor Level 1  
  68  5:47  Drone x2  
  68  5:49  Roach  
  76  5:50  Roach x2  
  76  5:57  Hatchery  
  76  5:58  Pneumatized Carapace  
  75  6:07  Roach x3  
  75  6:09  Zergling x2  
  75  6:10  Zergling x10  
  88  6:19  Overlord x3  
  88  6:20  Overlord  
  88  6:33  Overlord x2  
  88  6:39  Roach  
  90  6:48  Roach x2  
  94  6:57  Roach  
  96  7:05  Roach x3  
  83  7:18  Roach x6  
  95  7:24  Hatchery  
  87  7:34  Roach x5  
  79  7:46  Roach x4  
  79  7:54  Roach x2  
  81  8:02  Roach  
  81  8:03  Roach x3  
  89  8:13  Roach x2  
  89  8:14  Roach x2  
  89  8:17  Drone  
  89  8:18  Hydralisk Den  
  97  8:51  Overlord x2  
  97  8:53  Drone x8  
  105  9:02  Ravager  
  106  9:03  Ravager  
  106  9:05  Ravager  
  106  9:07  Overlord  
  106  9:08  Overlord x7  
  108  9:21  Roach  
  108  9:22  Roach x4  
  96  9:36  Roach  
  96  9:37  Roach x7  
  96  9:38  Roach x2  
Show
View Real Time Build Order
Export as new Build Order

SubN Zerg - Winner!

Build Orders: Hatch First 

Get SALT Encoding   

  12  0:00  Drone  
  13  0:12  Overlord  
  13  0:17  Drone  
  14  0:30  Drone x2  
  16  0:50  Hatchery  
  16  0:53  Drone  
  16  0:55  Drone  
  17  0:59  Drone  
  18  1:07  Extractor  
  17  1:14  Spawning Pool  
  17  1:18  Drone  
  17  1:20  Drone  
  18  1:27  Drone  
  19  1:44  Overlord  
  19  2:01  Queen x2  
  19  2:03  Zergling x6  
  26  2:10  Drone  
  26  2:12  Drone  
  26  2:15  Metabolic Boost  
  28  2:21  Drone  
  29  2:25  Drone  
  30  2:32  Drone  
  31  2:38  Drone  
  31  2:40  Queen  
  31  2:43  Overlord  
  34  2:49  Overlord  
  34  2:54  Drone  
  34  2:58  Lair  
  35  3:03  Overlord  
  35  3:11  Roach Warren  
  34  3:14  Overlord  
  34  3:20  Drone x2  
  34  3:25  Drone  
  37  3:29  Drone x3  
  37  3:31  Drone  
  41  3:35  Drone  
  41  3:38  Extractor  
  41  3:41  Drone x2  
  41  3:47  Evolution Chamber  
  41  3:48  Evolution Chamber  
  41  3:57  Drone x5  
  41  4:00  Glial Reconstitution  
  46  4:04  Extractor  
  46  4:06  Drone x2  
  46  4:07  Extractor  
  46  4:09  Drone  
  47  4:16  Roach x2  
  51  4:19  Roach  
  51  4:30  Roach x2  
  51  4:31  Roach x2  
  59  4:40  Overlord  
  59  4:41  Overlord  
  59  4:48  Drone  
  60  4:57  Overlord x3  
  60  4:59  Zerg Ground Armor Level 1  
  60  5:02  Drone x2  
  60  5:03  Drone  
  63  5:09  Zerg Missile Weapons Level 1  
  63  5:18  Ravager  
  64  5:27  Drone x2  
  64  5:28  Drone  
  67  5:30  Hatchery  
  66  5:37  Ravager x2  
  66  5:42  Ravager  
  69  5:43  Zergling x4  
  69  5:44  Zergling x14  
  78  5:53  Ravager  
  78  5:55  Roach  
  81  6:32  Roach  
  83  6:33  Roach x7  
  97  6:45  Queen  
  97  6:46  Overlord x4  
  99  6:48  Zergling x2  
  99  6:49  Zergling x4  
  84  7:17  Roach  
  84  7:18  Roach x12  
  104  7:29  Roach x2  
  105  7:37  Roach x4  
  105  7:38  Roach x3  
  115  7:47  Roach  
  115  7:48  Roach x2  
  112  7:53  Roach x2  
  108  7:58  Roach x3  
  108  8:02  Ravager  
  108  8:05  Ravager  
  112  8:07  Zergling x2  
  112  8:08  Zergling x14  
  120  8:17  Ravager  
  120  8:18  Ravager  
  122  8:27  Drone  
  122  8:28  Drone x3  
  122  8:30  Drone x3  
  122  8:31  Extractor  
  122  8:34  Drone x3, Extractor  
  130  8:37  Roach  
  130  8:38  Roach x3  
  138  8:43  Overlord  
  138  8:58  Overlord x3  
  138  9:10  Drone x4  
  138  9:12  Overlord x4  
  136  9:28  Hatchery  
Tags
 
Add a new tag
Caveats
  • Supply blocks, unpowered buildings, or Contaminate may cause inaccurate times.
  • Supply counts are checked every 10 seconds.